 Dungeon Crawl Stone Soup version 0.30.0-15-g856e2d3f33 (webtiles) character file.

Game seed: 6744972195514420467

44 Kenran the Slasher (level 3, 0/23 HPs)
             Began as a Gargoyle Fighter on May 19, 2023.
             Killed from afar by Sigmund (6 damage)
             ... with a magic dart
             ... on level 2 of the Dungeon.
             The game lasted 00:01:32 (807 turns).

Kenran the Slasher (Gargoyle Fighter)                Turns: 807, Time: 00:01:33

Health: 0/23       AC: 11    Str: 19    XL:     3   Next: 62%
Magic:  3/3        EV:  9    Int:  8    God:
Gold:   50         SH:  4    Dex: 11    Spells: 2/2 levels left

rFire   . . .        a - +1 long sword
rCold   . . .        c - +0 buckler
rNeg    + . .        b - +0 scale mail
rPois   ∞            e - +0 helmet
rElec   +            (no cloak)
rCorr   .            (no gloves)
SInv    .            (no boots)
Will    .....        (no amulet) Stlth
                     (no ring)
HPRegen 0.23/turn    (no ring)
MPRegen 0.08/turn

%: no passive effects
@: mighty
A: sickness immunity, AC +3, negative energy resistance 1, electricity
resistance, torment resistance 1, petrification resistance
a: no special abilities


You were on level 2 of the Dungeon.
You visited 1 branch of the dungeon, and saw 2 of its levels.

You collected 50 gold pieces.

Inventory:

Hand Weapons
 a - a +1 long sword (weapon)
Armour
 b - a +0 scale mail (worn)
 c - a +0 buckler (worn)
 e - a +0 helmet (worn)
Scrolls
 h - a scroll of brand weapon {unknown}
 i - 3 scrolls of enchant weapon
 l - a scroll of identify {unknown}
Potions
 f - a potion of mutation {unknown}
 g - a potion of flight {unknown}
 j - a potion of heal wounds {unknown}
 k - a potion of haste {unknown}


   Skills:
 - Level 3.2 Fighting
 + Level 3.5 Long Blades
 - Level 3.2 Armour
 - Level 3.2 Shields


You had 2 spell levels left.
You didn't know any spells.
Your spell library was empty.

Dungeon Overview and Level Annotations

Branches:
Dungeon (2/15)

Altars:

Annotations:
D:2 Sigmund


Innate Abilities, Weirdness & Mutations

You are immune to sickness and miasma.
Your stone body is resilient. (AC +3)
You are immune to poison.
You resist negative energy. (rN+)
You are resistant to electric shocks. (rElec)
You are resistant to unholy torment.
You are immune to petrification.


Message History

You slash the jackal!
You kill the jackal!
No target in view!
No target in view!
Found a scroll labelled HOPUHE QETEEBB.
Things that are here:
a +0 dagger; a kobold corpse HP restored.
l - a scroll labelled HOPUHE QETEEBB
i - 3 scrolls of enchant weapon (gained 1) Sigmund the Dreaded comes into view.
He is wielding a +0 scythe.
You feel very mighty all of a sudden. Sigmund casts a spell at you.
The magic dart hits you!
Found an emerald ring.
You block Sigmund's attack.
You barely miss Sigmund. You block Sigmund's attack.
You hit Sigmund.
Sigmund is lightly wounded.
Sigmund hits you but does no damage.
You hit Sigmund.
Sigmund is lightly wounded.
Sigmund hits you but does no damage.
You barely miss Sigmund.
Sigmund is lightly wounded.
You barely miss Sigmund.
Sigmund is lightly wounded.
Sigmund hits you with a +0 scythe.
You closely miss Sigmund.
Sigmund is lightly wounded.
Sigmund points at you and mumbles some strange words.
The puff of flame hits you.
* * * LOW HITPOINT WARNING * * *
Sigmund gestures wildly while chanting.
Sigmund flickers and vanishes!
Deactivating autopickup; reactivate with Ctrl-A.
You hit something.
You hear some strange, mumbled words.
A magic dart appears from out of thin air!
The magic dart hits you.
You die...

.### ..... .....
#########
......#.......#
......#.......#
=......{......# #@#
##.#.#.#####
....#.....######..
#...#.............
###........########
.....#....#### #
##...#.........
#.##...#......###
#................


There were no monsters in sight!

Vanquished Creatures
  A gnoll (D:1)
  4 ball pythons (D:1)
  An endoplasm (D:1)
  2 giant cockroaches (D:1)
  2 goblins (D:1)
  3 hobgoblins (D:1)
  5 jackals
  3 kobolds
  3 quokkas (D:1)
  4 bats (D:1)
  A frilled lizard (D:1)
  2 rats (D:1)
31 creatures vanquished.

Notes
Turn   | Place    | Note
-------+----------+-------------------------------------------
     0 | D:1      | Kenran the Gargoyle Fighter began the quest for the Orb.
     0 | D:1      | Reached XP level 1. HP: 14/14 MP: 1/1
    13 | D:1      | Found a faded altar of an unknown god.
   106 | D:1      | You fall into a shaft and drop 1 floor!
   191 | D:1      | Reached XP level 2. HP: 19/19 MP: 2/2
   299 | D:1      | Reached XP level 3. HP: 22/23 MP: 3/3
   797 | D:2      | Noticed Sigmund
   807 | D:2      | Killed from afar by Sigmund

Illustrated notes

Levels and vault maps discovered:
D:1:      spicycebolla_green_bress_n_ham, layout_loops_ring, serial_forest,
          infiniplex_forest_clump_small, infiniplex_forest_lined_1,
          infiniplex_forest_corner_1, infiniplex_forest_clump_diagonal,
          infiniplex_forest_3_way, infiniplex_forest_straight_2,
          infiniplex_forest_lined_2, basic_ecumenical_altar
D:2:      layout_basic, uniq_sigmund, uniq_jessica

Skill      XL: |  1  2 |
---------------+-------+-----
Long Blades    | 2 3 |  3.5
Fighting       | |  3.2
Armour         | |  3.2
Shields        | |  3.2

Action                     || total
---------------------------++-------
  Melee: Long sword        ||   106
    Use: Scroll            ||     1
         Potion            ||     1
 Armour: Scale mail        ||    56
  Dodge: Dodged            ||    59
  Block: Buckler           ||    20
